BR (22 & UNDER)
PALMYRA OVERLORDS @ FORT COLLINS COMMONERS
09/14/2029
 
TOP OF THE 1ST
Palmyra Overlords batting - Pitching for Fort Collins Commoners : RHP Dani Granadas
Pitching: RHP Dani Granadas
Batting: RHB Enrico Castro 0-0: Ball
1-0: Ball
2-0: Ground out 1-3 (Groundball, 13S)
Batting: LHB José Marín 0-0: Ball
1-0: Foul Ball, location: 2F
1-1: Swinging Strike
1-2: Ball
2-2: Ball
3-2: SINGLE (Line Drive, 8RS)
Batting: RHB José Gonzáles 0-0: Ball
1-0: Grounds into double play, 1-6-3 (Groundball, 13)
Top of the 1st over - 0 runs, 1 hit, 0 errors, 0 left on base; Palmyra 0 - Fort Collins 0
BOTTOM OF THE 1ST
Fort Collins Commoners batting - Pitching for Palmyra Overlords : LHP Ramón Sánchez
Pitching: LHP Ramón Sánchez
Batting: RHB António Rodríguez 0-0: Called Strike
0-1: Ball
1-1: Called Strike
1-2: Foul Ball, location: 2F
1-2: Ground out 5-3 (Groundball, 56S)
Batting: RHB António Díaz 0-0: Called Strike
0-1: Fly out, F9 (Flyball, 9S)
Batting: LHB Jesús González 0-0: Ball
1-0: Ball
2-0: Called Strike
2-1: Foul Ball, location: 2F
2-2: Foul Ball, location: 2F
2-2: Fly out, F8 (Flyball, 8RD)
Bottom of the 1st over - 0 runs, 0 hits, 0 errors, 0 left on base; Palmyra 0 - Fort Collins 0
TOP OF THE 2ND
Palmyra Overlords batting - Pitching for Fort Collins Commoners : RHP Dani Granadas
Batting: LHB Miguel Gamboa 0-0: Foul Ball, location: 2F
0-1: Ball
1-1: Ball
2-1: Foul Ball, location: 2F
2-2: DOUBLE (Flyball, 89D)
Batting: LHB Claudio Arce 0-0: Called Strike
0-1: Called Strike
0-2: Foul Ball, location: 2F
0-2: SINGLE (Groundball, 4D)
Miguel Gamboa to third
Batting: LHB Chris Hutchison 0-0: Swinging Strike
0-1: Called Strike
Claudio Arce steals 2nd base
0-2: Ball
1-2: Strikes out swinging
Batting: LHB Howard Anderson 0-0: Ball
1-0: Ball
2-0: Fly out, F7 (Flyball, 7)
Runner from 3rd tags up, SCORES, throw made
Batting: RHB Jesús Salazar 0-0: Ball
1-0: Called Strike
1-1: Called Strike
1-2: SINGLE (Groundball, 56) (infield hit)
Claudio Arce to third
Batting: RHB Rafael Castro 0-0: Ball
1-0: Ball
2-0: Ball
3-0: Called Strike
3-1: Fly out, F9 (Flyball, 9S)
Top of the 2nd over - 1 run, 3 hits, 0 errors, 2 left on base; Palmyra 1 - Fort Collins 0
BOTTOM OF THE 2ND
Fort Collins Commoners batting - Pitching for Palmyra Overlords : LHP Ramón Sánchez
Batting: RHB David Brady 0-0: SINGLE (Flyball, 8RS)
Batting: LHB Caleb Ruíz 0-0: Ball
1-0: Ball
2-0: Ball
3-0: Base on Balls
David Brady to second
Batting: LHB Matt Taylor 0-0: Called Strike
0-1: Ball
1-1: Fly out, F8 (Flyball, 78D)
Batting: RHB Ismael Rodríguez 0-0: Called Strike
0-1: Foul Ball, location: 2F
0-2: Ball
1-2: Ball
2-2: Ball
3-2: Foul Ball, location: 2F
3-2: Ground out 5-3 (Groundball, 5S)
David Brady to third
Caleb Ruíz to second
Batting: RHB Shawn López 0-0: Foul Ball, location: 2F
0-1: Foul Ball, location: 2F
0-2: Strikes out swinging
Bottom of the 2nd over - 0 runs, 1 hit, 0 errors, 2 left on base; Palmyra 1 - Fort Collins 0
TOP OF THE 3RD
Palmyra Overlords batting - Pitching for Fort Collins Commoners : RHP Dani Granadas
Batting: RHB Enrico Castro 0-0: Bunt for hit - play at first, batter safe!
Batting: LHB José Marín Pickoff Throw to First - Error! E1
Enrico Castro to second
0-0: Called Strike
0-1: Ball
1-1: Ball
2-1: Foul Ball, location: 2F
2-2: Ground out 5-3 (Groundball, 56)
Batting: RHB José Gonzáles 0-0: Called Strike
Enrico Castro is caught stealing 3rd base
0-1: Called Strike
0-2: Ball
1-2: SOLO HOME RUN (Flyball, 7LD), Distance : 354 ft
Batting: LHB Miguel Gamboa 0-0: Ball
1-0: Foul Ball, location: 2F
1-1: Swinging Strike
1-2: Ball
2-2: Ball
3-2: Strikes out looking
Top of the 3rd over - 1 run, 2 hits, 1 error, 0 left on base; Palmyra 2 - Fort Collins 0
BOTTOM OF THE 3RD
Fort Collins Commoners batting - Pitching for Palmyra Overlords : LHP Ramón Sánchez
Batting: SHB Paul Davenport 0-0: Ground out 4-3 (Groundball, 4)
Batting: RHB António Rodríguez 0-0: Called Strike
0-1: Ball
1-1: Ball
2-1: Ball
3-1: Base on Balls
Batting: RHB António Díaz 0-0: DOUBLE (Flyball, 8RD)
António Rodríguez to third
Batting: LHB Jesús González 0-0: Ball
1-0: Ground out U3 (Groundball, 3)
Batting: RHB David Brady 0-0: Foul Ball, location: 2F
0-1: Ball
1-1: Ball
2-1: Foul Ball, location: 2F
2-2: Ball
3-2: Foul Ball, location: 2F
3-2: Foul Ball, location: 2F
3-2: DOUBLE (Line Drive, 7LM)
António Rodríguez scores
António Díaz scores
Batting: LHB Caleb Ruíz 0-0: Ball
1-0: Swinging Strike
1-1: Foul Ball, location: 2F
1-2: Fly out, F8 (Flyball, 78M)
Bottom of the 3rd over - 2 runs, 2 hits, 0 errors, 1 left on base; Palmyra 2 - Fort Collins 2
TOP OF THE 4TH
Palmyra Overlords batting - Pitching for Fort Collins Commoners : RHP Dani Granadas
Batting: LHB Claudio Arce 0-0: Ball
1-0: Ground out 1-3 (Groundball, 13)
Batting: LHB Chris Hutchison 0-0: Ball
1-0: Called Strike
1-1: Foul Ball, location: 2F
1-2: Ball
2-2: Foul Ball, location: 2F
2-2: Fly out, F7 (Flyball, 78M)
Batting: LHB Howard Anderson 0-0: Ball
1-0: Foul Ball, location: 2F
1-1: Swinging Strike
1-2: Strikes out swinging
Top of the 4th over - 0 runs, 0 hits, 0 errors, 0 left on base; Palmyra 2 - Fort Collins 2
BOTTOM OF THE 4TH
Fort Collins Commoners batting - Pitching for Palmyra Overlords : LHP Ramón Sánchez
Batting: LHB Matt Taylor 0-0: Foul Ball, location: 2F
0-1: Foul Ball, location: 2F
0-2: Strikes out swinging
Batting: RHB Ismael Rodríguez 0-0: Ball
1-0: Foul Ball, location: 2F
1-1: Foul Ball, location: 2F
1-2: Foul Ball, location: 2F
1-2: Fly out, F8 (Flyball, 78M)
Batting: RHB Shawn López 0-0: Ball
1-0: Ball
2-0: Ball
3-0: Called Strike
3-1: Foul Ball, location: 2F
3-2: Fly out, F7 (Flyball, 7LS)
Bottom of the 4th over - 0 runs, 0 hits, 0 errors, 0 left on base; Palmyra 2 - Fort Collins 2
TOP OF THE 5TH
Palmyra Overlords batting - Pitching for Fort Collins Commoners : RHP Dani Granadas
Batting: RHB Jesús Salazar 0-0: Ball
1-0: Swinging Strike
1-1: Called Strike
1-2: SINGLE (Popup, 6MD)
Batting: RHB Rafael Castro 0-0: Called Strike
0-1: Called Strike
0-2: Strikes out swinging
Batting: RHB Enrico Castro 0-0: Ball
1-0: Fly out, F9 (Flyball, 9S)
Batting: LHB José Marín 0-0: Foul Ball, location: 2F
0-1: Ball
1-1: Ball
2-1: SINGLE (Groundball, 5D)
Jesús Salazar to second
Batting: RHB José Gonzáles 0-0: Called Strike
0-1: Ball
1-1: Foul Ball, location: 2F
1-2: Ball
2-2: Fielders Choice at 2nd, 5-4 (Groundball, 56)
Top of the 5th over - 0 runs, 2 hits, 0 errors, 2 left on base; Palmyra 2 - Fort Collins 2
BOTTOM OF THE 5TH
Fort Collins Commoners batting - Pitching for Palmyra Overlords : LHP Ramón Sánchez
Batting: SHB Paul Davenport 0-0: Called Strike
0-1: Ball
1-1: Swinging Strike
1-2: Strikes out swinging
Batting: RHB António Rodríguez 0-0: Foul Ball, location: 2F
0-1: SINGLE (Groundball, 4MD)
Batting: RHB António Díaz 0-0: SINGLE (Line Drive, 9S)
António Rodríguez to second
Batting: LHB Jesús González 0-0: Ball
1-0: Ball
2-0: Called Strike
2-1: Fielders Choice at 2nd, 3-6 (Groundball, 34)
António Rodríguez to third
Batting: RHB David Brady 0-0: Ground out 4-3 (Groundball, 34)
Bottom of the 5th over - 0 runs, 2 hits, 0 errors, 2 left on base; Palmyra 2 - Fort Collins 2
TOP OF THE 6TH
Palmyra Overlords batting - Pitching for Fort Collins Commoners : RHP Dani Granadas
Batting: LHB Miguel Gamboa 0-0: Foul Ball, location: 2F
0-1: SINGLE (Flyball, 9S)
Batting: LHB Claudio Arce 0-0: Ball
1-0: Fly out, F8 (Flyball, 89D)
Batting: LHB Chris Hutchison 0-0: Fly out, F7 (Flyball, 78S)
Batting: LHB Howard Anderson 0-0: Ball
1-0: Fly out, F8 (Flyball, 8LXD)
Top of the 6th over - 0 runs, 1 hit, 0 errors, 1 left on base; Palmyra 2 - Fort Collins 2
BOTTOM OF THE 6TH
Fort Collins Commoners batting - Pitching for Palmyra Overlords : LHP Ramón Sánchez
Batting: LHB Caleb Ruíz 0-0: Ball
1-0: Swinging Strike
1-1: SINGLE (Flyball, 8RS)
Batting: LHB Matt Taylor 0-0: Ball
1-0: Foul Ball, location: 2F
1-1: Called Strike
1-2: Ball
2-2: Ball
3-2: Fly out, F8 (Flyball, 8RS)
Batting: RHB Ismael Rodríguez 0-0: Called Strike
0-1: Foul Ball, location: 2F
0-2: Ball
1-2: Ball
2-2: Ball
3-2: Foul Ball, location: 2F
3-2: SINGLE (Line Drive, 4M)
Caleb Ruíz to second
Batting: RHB Shawn López 0-0: Swinging Strike
0-1: Ball
1-1: Called Strike
1-2: Foul Ball, location: 2F
1-2: Ball
Balk!
Caleb Ruíz to third
Ismael Rodríguez to second
2-2: Foul Ball, location: 2F
2-2: Ball
3-2: Intentional Walk
Batting: SHB Paul Davenport 0-0: Foul Ball, location: 2F
0-1: Ball
1-1: Swinging Strike
1-2: Strikes out swinging
Batting: RHB António Rodríguez 0-0: Called Strike
0-1: Ball
1-1: Foul Ball, location: 2F
1-2: Foul Ball, location: 2F
1-2: Foul Ball, location: 2F
1-2: Ball
2-2: Ball
3-2: Foul Ball, location: 2F
3-2: Strikes out looking
Bottom of the 6th over - 0 runs, 2 hits, 0 errors, 3 left on base; Palmyra 2 - Fort Collins 2
TOP OF THE 7TH
Palmyra Overlords batting - Pitching for Fort Collins Commoners : RHP Dani Granadas
Pinch Hitting: RHB Gonzalo Hernández 0-0: Fly out, F7 (Flyball, 7S)
Batting: RHB Rafael Castro 0-0: Called Strike
0-1: Foul Ball, location: 2F
0-2: Ball
1-2: Foul Ball, location: 2F
1-2: Strikes out swinging
Batting: RHB Enrico Castro 0-0: Called Strike
0-1: Ball
1-1: Ball
2-1: Swinging Strike
2-2: Strikes out looking
Top of the 7th over - 0 runs, 0 hits, 0 errors, 0 left on base; Palmyra 2 - Fort Collins 2
BOTTOM OF THE 7TH
Fort Collins Commoners batting - Pitching for Palmyra Overlords : LHP Ramón Sánchez
Pitching: RHP Sean Vázquez
Now in LF: José Acuña
Batting: RHB António Díaz 0-0: Ball
1-0: Called Strike
1-1: Ball
2-1: Swinging Strike
2-2: SINGLE (Groundball, 6MD)
Pinch Hitting: RHB Claudio Rodríguez 0-0: Ball
1-0: Ball
2-0: Ball
3-0: Base on Balls
António Díaz to second
Batting: RHB David Brady 0-0: Foul Ball, location: 2F
0-1: Fly out, F8 (Line Drive, 8RS)
Batting: LHB Caleb Ruíz 0-0: Ball
1-0: Called Strike
1-1: Swinging Strike
1-2: Strikes out looking
Batting: LHB Matt Taylor 0-0: Called Strike
0-1: Swinging Strike
0-2: Strikes out swinging wild pitch, reaches first!
António Díaz to third
Claudio Rodríguez to second
Batting: RHB Ismael Rodríguez 0-0: Called Strike
0-1: Foul Ball, location: 2F
0-2: Ball
1-2: Ball
2-2: Foul Ball, location: 2F
2-2: SINGLE (Flyball, 7LS)
António Díaz scores
Claudio Rodríguez to third
Matt Taylor to second
Runner from 3rd tries for Home, SAFE, throw made home
Batting: RHB Shawn López 0-0: Hit by Pitch
Matt Taylor to third
Ismael Rodríguez to second
Batting: SHB Paul Davenport 0-0: Called Strike
0-1: Ball
1-1: Ball
2-1: Ball
3-1: Base on Balls
Matt Taylor scores
Ismael Rodríguez to third
Shawn López to second
Pitching: LHP José López
Batting: RHB António Rodríguez 0-0: Called Strike
0-1: Fly out, F9 (Line Drive, 9LM)
Bottom of the 7th over - 3 runs, 2 hits, 0 errors, 3 left on base; Palmyra 2 - Fort Collins 5
TOP OF THE 8TH
Palmyra Overlords batting - Pitching for Fort Collins Commoners : RHP Dani Granadas
Pitching: LHP Elroy Bunch
Now in LF: Claudio Rodríguez
Batting: LHB José Marín 0-0: Bunt missed!
0-1: Ball
1-1: Ball
2-1: Swinging Strike
2-2: Fly out, F7 (Flyball, 7LM)
Batting: RHB José Gonzáles 0-0: Swinging Strike
0-1: Ball
1-1: Ball
2-1: Ball
3-1: Called Strike
3-2: Base on Balls
Batting: LHB Miguel Gamboa 0-0: Ball
1-0: Ball
2-0: Foul Ball, location: 2F
2-1: Foul Ball, location: 2F
2-2: Fly out, F3 (Popup, 34S)
Batting: LHB Claudio Arce 0-0: Ball
1-0: Hit by Pitch
José Gonzáles to second
Batting: LHB Chris Hutchison 0-0: Ball
1-0: Called Strike
1-1: Fielders Choice at 2nd, 6-4 (Groundball, 56)
Top of the 8th over - 0 runs, 0 hits, 0 errors, 2 left on base; Palmyra 2 - Fort Collins 5
BOTTOM OF THE 8TH
Fort Collins Commoners batting - Pitching for Palmyra Overlords : LHP José López
Batting: RHB António Díaz 0-0: Called Strike
0-1: Swinging Strike
0-2: Ball
1-2: Strikes out looking
Batting: RHB Claudio Rodríguez 0-0: Swinging Strike
0-1: SINGLE (Line Drive, 34D)
Batting: RHB David Brady 0-0: Swinging Strike
0-1: Ball
1-1: Foul Ball, location: 2F
1-2: 2-RUN HOME RUN (Flyball, 78XD), Distance : 434 ft
Batting: LHB Caleb Ruíz 0-0: Called Strike
0-1: Ground out 6-3 (Groundball, 56)
Batting: LHB Matt Taylor 0-0: Called Strike
0-1: Ball
1-1: Foul Ball, location: 2F
1-2: Fly out, F1 (Popup, 15)
Bottom of the 8th over - 2 runs, 2 hits, 0 errors, 0 left on base; Palmyra 2 - Fort Collins 7
TOP OF THE 9TH
Palmyra Overlords batting - Pitching for Fort Collins Commoners : LHP Elroy Bunch
Now at C: Alberto Cabrera
Now at 2B: Montego Martínez
Now at SS: Sherman Cummings
Batting: LHB Howard Anderson 0-0: Ground out 6-3 (Groundball, 6S)
Batting: RHB José Acuña 0-0: Called Strike
0-1: Ball
1-1: Called Strike
1-2: Strikes out swinging
Batting: RHB Rafael Castro 0-0: Ground out 6-3 (Groundball, 6)
Top of the 9th over - 0 runs, 0 hits, 0 errors, 0 left on base; Palmyra 2 - Fort Collins 7
Saturday, December 16th, 2017 - OOTP Baseball 18.8 Build 76